[Event "Early-Titled-Tuesday-Blitz-March-26-2024"]
[Site "Chess.com"]
[Date "2024.03.26"]
[Round "5"]
[White "ckgchess"]
[Black "HajiyevKanan"]
[Result "1-0"]
[WhiteElo "2920"]
[BlackElo "2541"]
[TimeControl "180+1"]
[EndTime "8:53:10 PDT"]
[Termination "ckgchess won on time"]

1. e4 c6 2. d4 d5 3. e5 a6 4. Nf3 Bg4 5. h3 Bxf3 6. Qxf3 e6 7. c3 c5 8. Bd3 Nc6 9. Be3 Qb6 10. O-O Qxb2 11.
Nd2 Qxc3 12. Qe2 cxd4 13. Bf4 Ba3 14. Rab1 Na5 15. Nb3 Nxb3 16. Rxb3 Qc5 17. Qg4 g6 18. Rxb7 Ne7 19. Bg5 Qc8 20. Rb3 Qc5 21. Bf6 Rg8 22. Rfb1 Nc6 23. Qf4 Bb4 24. Qh6 a5 25. Qxh7 Rf8 26. a3 Bc3 27. Rb7 Ra7 28. Bxg6 Rxb7 29. Rxb7 d3 30. Bxf7+ 1-0

[Event "Early-Titled-Tuesday-Blitz-March-26-2024"]
[Site "Chess.com"]
[Date "2024.03.26"]
[Round "5"]
[White "AA95"]
[Black "GlavkonVVS"]
[Result "1-0"]
[WhiteElo "2489"]
[BlackElo "2630"]
[TimeControl "180+1"]
[EndTime "8:53:10 PDT"]
[Termination "AA95 won by resignation"]

1. Nf3 Nf6 2. g3 c5 3. Bg2 Nc6 4. O-O g6 5. b3 Bg7 6. Bb2 O-O 7. e3 d6 8. d4 Bg4 9. h3 Bxf3 10. Bxf3 cxd4 11. exd4 Rc8 12. c4 a6 13. Nd2 b5 14.
cxb5 axb5 15. a4 Qb6 16. Kg2 Nxd4 17. Nc4 bxc4 18. Bxd4 Qxb3 19. Qxb3 cxb3 20. Rfb1 e6 21. Rxb3 d5 22. a5 Nd7 23. Bxg7 Kxg7 24. a6 Ra8 25. a7 Rfc8 26. Rb7 Nc5 27. Rb5 Nd3 28. Rb7 Ne5 29. Be2 Rc2 30. Bb5 Rcc8 31. Ra6 Kf8 32. Rab6 Kg7 33. Rb8 Nc4 34. Rxc8 Rxc8 35. Rb8 Nb6 36.
Rxc8 Nxc8 37. a8=Q 1-0

[Event "Early-Titled-Tuesday-Blitz-March-26-2024"]
[Site "Chess.com"]
[Date "2024.03.26"]
[Round "5"]
[White "chess123456s"]
[Black "Felix-Rose"]
[Result "1-0"]
[WhiteElo "2554"]
[BlackElo "2220"]
[TimeControl "180+1"]
[EndTime "8:53:10 PDT"]
[Termination "chess123456s won by resignation"]

1. d4 d5 2. Nc3 Nf6 3. Bf4 c5 4. e4 Nxe4 5. Nxe4 dxe4 6. dxc5 Qa5+ 7. c3 Qxc5 8. Qa4+ Nc6 9. Qxe4 g6 10. Nf3 Bg7 11.
Rd1 O-O 12. Be3 Qa5 13. Bc4 Bf5 14. Qh4 b5 15. Bd5 Rad8 16. Bh6 b4 17. c4 Qxa2 18.
Bxg7 Kxg7 19. O-O Qa6 20. Ra1 Qb6 21. b3 a5 22. Bxc6 Qxc6 23. Rxa5 Bc2 24. Qxe7 Bxb3 25. Qxb4 Rb8 26. Qc3+ Kg8 27. Nd4 Qxc4 28. Qxc4 Bxc4 29. Rc1 Bd5 30. Rxd5 1-0

[Event "Early-Titled-Tuesday-Blitz-March-26-2024"]
[Site "Chess.com"]
[Date "2024.03.26"]
[Round "5"]
[White "LileKoridze"]
[Black "Kostukov_Alex"]
[Result "0-1"]
[WhiteElo "2443"]
[BlackElo "2284"]
[TimeControl "180+1"]
[EndTime "8:53:10 PDT"]
[Termination "Kostukov_Alex won by resignation"]

1. d4 g6 2. c4 Bg7 3. Nc3 d6 4. e4 e5 5. Nf3 exd4 6. Nxd4 Nc6 7. Be3 Nge7 8. Be2 O-O 9. O-O f6 10. Nd5 Nxd4 11. Bxd4 f5 12. Bxg7 Kxg7 13. exf5 Nxd5 14. cxd5 Bxf5 15. Rc1 Qe7 16. Bf3 Rf7 17. Re1 Qf6 18. Qb3 b6 19. Qb5 a5 20. b3 h5 21. Re2 Re7 22. Rce1 Rae8 23. h3 Rxe2 24. Rxe2 Rxe2 25. Qxe2 Qa1+ 26. Kh2 Qe5+ 27. Qxe5+ dxe5 28. g4 hxg4 29. hxg4 Bb1 30. a3 e4 31. Bd1 Kf6 32. Be2 Ke5 33. Bc4 Bd3 34. f4+ Kxf4 35. Kg2 Bxc4 36.
bxc4 Ke3 37. Kg3 g5 38. a4 Kd2 39. c5 bxc5 40. Kh3 e3 41. Kg3 e2 42. Kf2 e1=Q+ 43. Kf3 Qe3+ 44. Kg2 Qf4 0-1

[Event "Early-Titled-Tuesday-Blitz-March-26-2024"]
[Site "Chess.com"]
[Date "2024.03.26"]
[Round "5"]
[White "kritipatel"]
[Black "Charodej1"]
[Result "0-1"]
[WhiteElo "2189"]
[BlackElo "2432"]
[TimeControl "180+1"]
[EndTime "8:53:11 PDT"]
[Termination "Charodej1 won by resignation"]

1. e4 b6 2. d4 Bb7 3. Bd3 e6 4. Be3 d6 5. Nc3 c5 6. f4 Nf6 7. Nf3 Nc6 8. O-O Be7 9. h3 O-O 10. e5 Nd5 11. Nxd5 exd5 12. Ng5 Bxg5 13. fxg5 cxd4 14.
Bxd4 dxe5 15. Be3 Nb4 16. Bf5 Bc8 17. c3 Bxf5 18. Rxf5 Nc6 19. Qg4 Qe7 20. Raf1 Rad8 21. Rf6 d4 22. Bxd4 Nxd4 23. cxd4 exd4 24. Qf5 d3 25. Rc6 d2 26. Qf3 Qxg5 27. Rc7 Qd5 28. Qe2 Qd4+ 29. Kh2 Qd6+ 0-1

[Event "Early-Titled-Tuesday-Blitz-March-26-2024"]
[Site "Chess.com"]
[Date "2024.03.26"]
[Round "5"]
[White "amylazy"]
[Black "gorgeous1083"]
[Result "1-0"]
[WhiteElo "2413"]
[BlackElo "2042"]
[TimeControl "180+1"]
[EndTime "8:53:14 PDT"]
[Termination "amylazy won on time"]

1. d4 Nf6 2. Nf3 e6 3. e3 d5 4. Bd3 c5 5. O-O c4 6. Be2 b5 7. b3 Bb7 8. a4 a6 9. Ne5 Nbd7 10. Nxd7 Qxd7 11. axb5 axb5 12. Rxa8+ Bxa8 13. bxc4 dxc4 14. Nd2 Bb4 15. Nf3 O-O 16. Bd2 Bd6 17. c3 Ne4 18. Be1 Bd5 19. Qc2 Rb8 20. Nd2 Qc6 21. f3 Nf6 22. e4 Bf4 23. exd5 Nxd5 24. Ne4 Ne3 25. Qb1 Nxf1 26. Bxf1 Qd5 27. Qb4 e5 28. dxe5 Bxe5 29. Bg3 f5 30. Bxe5 Qxe5 31. Nd6 Rd8 32. Nxb5 Qe3+ 33.
Kh1 Rd1 34. Qxc4+ Kf8 35. Qc8+ Kf7 36. Qxf5+ Ke8 37. Qc8+ Kf7 38. Qc4+ Ke8 39. h3 Qe1 40. Qg8+ Kd7 41. Qxg7+ Kc6 42. Qc7+ 1-0

[Event "Early-Titled-Tuesday-Blitz-March-26-2024"]
[Site "Chess.com"]
[Date "2024.03.26"]
[Round "5"]
[White "mertfelin"]
[Black "teresin05"]
[Result "0-1"]
[WhiteElo "2408"]
[BlackElo "2288"]
[TimeControl "180+1"]
[EndTime "8:53:14 PDT"]
[Termination "teresin05 won by resignation"]

1. e4 c5 2. Nf3 Nc6 3. d4 cxd4 4. Nxd4 Nf6 5. Nc3 d6 6. Bg5 e6 7. Qd2 a6 8. O-O-O Be7 9. Kb1 O-O 10. h4 Bd7 11. Nxc6 Bxc6 12. Bd3 b5 13. f3 b4 14. Ne2 a5 15. Nd4 Bb7 16. g4 Rc8 17. Be3 Nd7 18. Bb5 Ne5 19. Qe2 Qc7 20. Rc1 Nc4 21. Bf2 d5 22. e5 Bc5 23. f4 Qb6 24. Bxc4 Bxd4 25. Bxd4 Qxd4 26. Bd3 Qxf4 27. Rcf1 Qd4 28. h5 a4 29. g5 a3 30. c3 bxc3 31. g6 c2+ 0-1

[Event "Early-Titled-Tuesday-Blitz-March-26-2024"]
[Site "Chess.com"]
[Date "2024.03.26"]
[Round "5"]
[White "Nechitaylo_Nikita"]
[Black "AlexanderKing"]
[Result "0-1"]
[WhiteElo "2374"]
[BlackElo "2650"]
[TimeControl "180+1"]
[EndTime "8:53:15 PDT"]
[Termination "AlexanderKing won on time"]

1. d4 d5 2. c4 e6 3. Nc3 c5 4. cxd5 exd5 5. Nf3 Nc6 6. e3 Nf6 7. Bb5 cxd4 8. Nxd4 Bd7 9. O-O Bd6 10. h3 O-O 11. b3 a6 12. Be2 Qc7 13. Bb2 Nxd4 14. Qxd4 Be5 15. Qd3 Bc6 16. Rac1 Rad8 17. Bf3 d4 18. exd4 Bxd4 19. Qf5 g6 20. Qg5 h6 21. Qxh6 Bxf3 22. Nb5 Qg3 0-1

[Event "Early-Titled-Tuesday-Blitz-March-26-2024"]
[Site "Chess.com"]
[Date "2024.03.26"]
[Round "5"]
[White "RandomNoob04"]
[Black "the_chess_child"]
[Result "1-0"]
[WhiteElo "2647"]
[BlackElo "2851"]
[TimeControl "180+1"]
[EndTime "8:53:17 PDT"]
[Termination "RandomNoob04 won by resignation"]

1. e4 c5 2. d4 cxd4 3. c3 d3 4. Bxd3 Nc6 5. Nf3 g6 6. h3 Bg7 7.
O-O d6 8. c4 Nf6 9. Nc3 O-O 10.
Be3 Bd7 11. Qd2 Rc8 12. Rad1 Qa5 13. b3 a6 14. Rfe1 Nb4 15. Nd5 Nfxd5 16. exd5 Qa3 17. Bb1 b5 18. Bd4 bxc4 19. Bxg7 Kxg7 20. Rxe7 Bb5 21. Qd4+ Kg8 22. Ng5 Rce8 23. Qh4 h5 24. Rxe8 Rxe8 25.
Qf4 Rf8 26. bxc4 Ba4 27. Re1 Qc3 28. Re7 Qg7 29. Qxd6 Qc3 30. Nxf7 Rxf7 31. Qxg6+ Qg7 32. Rxf7 Qxg6 33. Bxg6 Be8 34. Rf6 Kg7 35. Rb6 1-0

[Event "Early-Titled-Tuesday-Blitz-March-26-2024"]
[Site "Chess.com"]
[Date "2024.03.26"]
[Round "5"]
[White "esteban062000"]
[Black "Xavier_mompel"]
[Result "0-1"]
[WhiteElo "2150"]
[BlackElo "2347"]
[TimeControl "180+1"]
[EndTime "8:53:18 PDT"]
[Termination "Xavier_mompel won by resignation"]

1. e4 c5 2. Nf3 d6 3. d4 cxd4 4. Nxd4 Nf6 5. Nc3 a6 6. a4 e5 7. Nf3 Be7 8. Bc4 O-O 9. O-O Nc6 10. Re1 Be6 11. Nd5 Bxd5 12. exd5 Nb8 13. h3 Nbd7 14. b4 Rc8 15. Bb3 Nb6 16. a5 Nc4 17. Qe2 Qc7 18.
Nd2 Nxd2 19. Bxd2 Ne8 20. f4 Bf6 21. f5 g6 22. Qg4 Ng7 23. fxg6 fxg6 24. Bh6 Rf7 25.
Rf1 Rcf8 26. c4 e4 27. Rae1 Bd4+ 28. Kh2 Rxf1 29. Rxf1 Rxf1 30. Bxg7 Kxg7 31. Qxe4 Be5+ 32. g3 Qf7 0-1

[Event "Early-Titled-Tuesday-Blitz-March-26-2024"]
[Site "Chess.com"]
[Date "2024.03.26"]
[Round "5"]
[White "Adar_07"]
[Black "Pedrada88"]
[Result "1/2-1/2"]
[WhiteElo "2798"]
[BlackElo "2557"]
[TimeControl "180+1"]
[EndTime "8:53:19 PDT"]
[Termination "Game drawn by repetition"]

1. d4 d5 2. c4 c6 3. Nc3 Nf6 4. cxd5 cxd5 5. Bf4 e6 6. e3 Bd6 7. Bg3 O-O 8. Bd3 b6 9. Rc1 Bb7 10. a3 Ne4 11. Bxe4 dxe4 12. Bxd6 Qxd6 13. Nb5 Qd5 14.
Nc7 Qg5 15. g3 Nc6 16. Nxa8 Rxa8 17. Ne2 Rd8 18. O-O Ne5 19. dxe5 Rxd1 20. Rfxd1 h5 21. Rd7 Ba6 22. Nf4 Qxe5 23. Rcc7 Qxb2 24. h4 Qa1+ 25. Kh2 Qf1 26. Nh3 Be2 27. Rxf7 Bf3 28. Rxg7+ Kf8 29. Rgf7+ Ke8 30. Rfe7+ Kd8 31. Rcd7+ Kc8 32. Rc7+ Kd8 33. Rcd7+ Kc8 34. Rc7+ Kd8 1/2-1/2

[Event "Early-Titled-Tuesday-Blitz-March-26-2024"]
[Site "Chess.com"]
[Date "2024.03.26"]
[Round "5"]
[White "karinachess1"]
[Black "CADMartin"]
[Result "0-1"]
[WhiteElo "2609"]
[BlackElo "2490"]
[TimeControl "180+1"]
[EndTime "8:53:20 PDT"]
[Termination "CADMartin won by checkmate"]

1. d4 Nf6 2. c4 c5 3. d5 b5 4. cxb5 a6 5. b6 e6 6. Nc3 exd5 7. Nxd5 Nxd5 8. Qxd5 Nc6 9. Nf3 Be7 10. Bf4 Qxb6 11. Qd2 O-O 12. e3 c4 13. a3 c3 14.
bxc3 d5 15. Bd3 Na5 16. Rb1 Qc6 17. Nd4 Qf6 18. a4 Bd7 19. Qc2 h6 20. O-O Bd6 21. Bxd6 Qxd6 22. Bh7+ Kh8 23. Bf5 Rfc8 24. Rfc1 Rc4 25.
Bxd7 Qxd7 26. Rb4 Rac8 27. Qb2 Qd6 28. Rb6 Qc5 29. Rxa6 Rxa4 30. Qb1 Ra3 31. h4 Rxc3 32. Rxc3 Qxc3 33. Qf5 Qc7 34. h5 Nc4 35. g3 Nxe3 36. fxe3 Qxg3+ 37. Kf1 Rc1+ 38. Ke2 Qe1+ 39. Kf3 Qf1+ 40.
Kg4 Qg2+ 41. Kf4 Rf1+ 42. Ke5 Rxf5+ 43. Kxf5 Qe4# 0-1

[Event "Early-Titled-Tuesday-Blitz-March-26-2024"]
[Site "Chess.com"]
[Date "2024.03.26"]
[Round "5"]
[White "SlavenPastar"]
[Black "Brahianzevich"]
[Result "0-1"]
[WhiteElo "2596"]
[BlackElo "2462"]
[TimeControl "180+1"]
[EndTime "8:53:21 PDT"]
[Termination "Brahianzevich won by checkmate"]

1. Nf3 d5 2. g3 e6 3. Bg2 Nf6 4. c4 Be7 5. b3 O-O 6. Bb2 c5 7. cxd5 Nxd5 8. d4 cxd4 9. Nxd4 Bb4+ 10. Kf1 Nc6 11. Nxc6 Ne3+ 12. fxe3 Qxd1+ 13. Kf2 Qc2 14. Na3 Qf5+ 15. Bf3 bxc6 16. Nc4 Ba6 17. Ne5 f6 18.
Nxc6 Bxe2 19. Kxe2 Qc2+ 20. Kf1 Qxb2 21. Rd1 Ba3 22.
Na5 Rad8 23. Nc4 Rxd1+ 24. Bxd1 Qc1 25. Kf2 Rd8 26. Bf3 Qc2+ 27. Be2 Bc5 28. h4 Rd2 29.
Nxd2 Qxd2 30. Rd1 Qxe3+ 31. Ke1 Qxg3+ 32. Kd2 Bb4+ 33. Kc2 Qc3+ 34. Kb1 Ba3 35. Rd8+ Kf7 36. Bh5+ g6 37. Bxg6+ Kxg6 38. Rd7 Qb2# 0-1

[Event "Early-Titled-Tuesday-Blitz-March-26-2024"]
[Site "Chess.com"]
[Date "2024.03.26"]
[Round "5"]
[White "RobertDowneyJr0111"]
[Black "esrosenberg"]
[Result "0-1"]
[WhiteElo "2633"]
[BlackElo "2491"]
[TimeControl "180+1"]
[EndTime "8:53:22 PDT"]
[Termination "esrosenberg won by resignation"]

1. e4 e5 2. Nf3 Nc6 3. Bb5 Nf6 4. O-O Nxe4 5. d4 Nd6 6. Bxc6 dxc6 7. dxe5 Nf5 8.
Qxd8+ Kxd8 9. h3 Ke8 10. Nc3 Be7 11. g4 Nh4 12. Nxh4 Bxh4 13. Ne4 Be7 14. Kg2 h5 15. f3 hxg4 16. hxg4 Be6 17. b3 a5 18. Bg5 Bd5 19. Bxe7 Bxe4 20. Bg5 Bxc2 21. Rh1 Kd7 22. Kg3 Ke6 23. f4 f6 24. exf6 gxf6 25. f5+ Kf7 26. Bf4 a4 27. b4 a3 28. Bxc7 Be4 29. Rxh8 Rxh8 30. Re1 Bd5 31. Kf4 Rh2 32. Bd6 Rf2+ 33. Kg3 Rxa2 34. Re7+ Kg8 35. g5 Rg2+ 36. Kf4 fxg5+ 0-1

[Event "Early-Titled-Tuesday-Blitz-March-26-2024"]
[Site "Chess.com"]
[Date "2024.03.26"]
[Round "5"]
[White "Incognizance"]
[Black "CFalcons8"]
[Result "0-1"]
[WhiteElo "1909"]
[BlackElo "2401"]
[TimeControl "180+1"]
[EndTime "8:53:22 PDT"]
[Termination "CFalcons8 won by resignation"]

1. d4 e6 2. c4 Nf6 3. Nf3 b6 4. Nc3 Bb7 5. g3 Be7 6. Bg2 Ne4 7. O-O O-O 8. Nxe4 Bxe4 9. b3 f5 10.
Bb2 d6 11. Rc1 Bf6 12. Qd2 Nd7 13. Ne1 Bxg2 14. Nxg2 g5 15. e3 e5 16. dxe5 dxe5 17. Ba3 Rf7 18. Rfd1 Qe8 19. Qd5 Rd8 20. Qf3 e4 21.
Qe2 Ne5 22. Ne1 Rfd7 23. Kg2 g4 24. Kf1 Qh5 25. Kg1 Nf3+ 26. Nxf3 exf3 27. Qf1 Qh3 28. Rxd7 Rxd7 29. Qxh3 gxh3 30. Kf1 Rd2 31. Ke1 Rxa2 32. Bb4 Re2+ 33. Kf1 Rb2 34. Ke1 Rxb3 35. Bd2 a5 36.
c5 a4 37. cxb6 cxb6 38. Bc3 Bxc3+ 0-1

[Event "Early-Titled-Tuesday-Blitz-March-26-2024"]
[Site "Chess.com"]
[Date "2024.03.26"]
[Round "5"]
[White "IshviAggarwal"]
[Black "AlainBruxelles"]
[Result "0-1"]
[WhiteElo "2174"]
[BlackElo "2378"]
[TimeControl "180+1"]
[EndTime "8:53:23 PDT"]
[Termination "AlainBruxelles won by resignation"]

1. d4 Nf6 2. c4 e6 3. g3 d5 4. Bg2 dxc4 5. Nf3 c5 6. O-O Nc6 7. Qa4 Bd7 8. Qxc4 b5 9. Qd3 c4 10. Qd1 Rc8 11. Bg5 Be7 12. Nc3 b4 13. Na4 O-O 14.
Nc5 Bxc5 15. dxc5 Qe7 16. Qd6 Qxd6 17. cxd6 Nd5 18. e4 Nb6 19. a3 f6 20. Be3 c3 21. axb4 cxb2 22. Ra2 Nc4 23. Bc5 a5 24.
Rb1 axb4 25. Bf1 b3 26. Raxb2 Nxb2 27. Rxb2 Ne5 28. Nxe5 fxe5 29. Ba3 Ba4 30. Kg2 Rc2 31.
Bd3 Rfxf2+ 32. Kh3 Rxh2+ 33. Kg4 Rxb2 34. Bxb2 Rxb2 35.
Bc4 Kf7 0-1

[Event "Early-Titled-Tuesday-Blitz-March-26-2024"]
[Site "Chess.com"]
[Date "2024.03.26"]
[Round "5"]
[White "Lucky_Puncher"]
[Black "jinbojinbo"]
[Result "0-1"]
[WhiteElo "2474"]
[BlackElo "2649"]
[TimeControl "180+1"]
[EndTime "8:53:25 PDT"]
[Termination "jinbojinbo won on time"]

1. d4 Nf6 2. c4 c5 3. d5 e6 4.
Nc3 exd5 5. cxd5 g6 6. e4 d6 7.
h3 Bg7 8. Nf3 O-O 9. Be3 Re8 10.
Nd2 Na6 11. Bd3 Nc7 12. O-O a6 13. a4 Rb8 14. a5 Bd7 15. Qc2 Nb5 16. Bxb5 axb5 17.
Bf4 Qe7 18. Rfe1 Nh5 19. Bh2 f5 20. a6 bxa6 21. Rxa6 f4 22. Nf3 b4 23. Nb1 Bb5 24. Ra5 Qc7 25. Ra1 c4 26. Nbd2 Qc5 27. Ng5 Qd4 28.
Rab1 c3 29. bxc3 bxc3 30. Ndf3 Qd3 31. Rbc1 Qxc2 32. Rxc2 Bd3 33. Rcc1 c2 34. Ne6 Bb2 35. Nxf4 Nxf4 36. Bxf4 Bxc1 37. Rxc1 Rb1 38. e5 dxe5 39. Be3 e4 40. Nd4 Reb8 41. d6 Rd8 0-1

[Event "Early-Titled-Tuesday-Blitz-March-26-2024"]
[Site "Chess.com"]
[Date "2024.03.26"]
[Round "5"]
[White "Chxss_Khxsbu"]
[Black "ChelsieMonica"]
[Result "0-1"]
[WhiteElo "1780"]
[BlackElo "2544"]
[TimeControl "180+1"]
[EndTime "8:53:25 PDT"]
[Termination "ChelsieMonica won by checkmate"]

1. e4 c5 2. Nf3 e6 3. d4 cxd4 4. Nxd4 Nc6 5. Be3 Nf6 6. Nc3 Bb4 7. f3 d5 8. Nxc6 bxc6 9. Be2 O-O 10. O-O e5 11.
exd5 cxd5 12. Bg5 Bxc3 13. bxc3 Be6 14. Kh1 Rc8 15. Ba6 Rxc3 16. Qd2 Qc7 17. Bd3 Nd7 18. Be7 Rc8 19. Bb4 Rc6 20. Bb5 Rxc2 21. Qg5 f6 22.
Qh5 g6 23. Qh6 Qb7 24. a4 a6 25. Bxd7 Qxd7 26. Qh4 g5 27. Qh6 Qg7 28. Qh5 Qg6 29. Qxg6+ hxg6 30. Be7 Kf7 31. Bd6 R8c6 32. Bb8 d4 33. a5 Bc4 34. Rfb1 Bb5 35. Rd1 Ke6 36. g3 f5 37. f4 gxf4 38. gxf4 e4 39. Rxd4 Be2 40.
Kg1 Bf3 41. Rb1 Rg2+ 42. Kf1 Rxh2 43. Rb6 Rc2 44. Rd6+ Rxd6 45. Rxd6+ Kf7 46. Rd7+ Ke8 47. Rg7 e3 48. Rxg6 Rc1# 0-1

[Event "Early-Titled-Tuesday-Blitz-March-26-2024"]
[Site "Chess.com"]
[Date "2024.03.26"]
[Round "5"]
[White "Shodikulov_Jamshid1990"]
[Black "Irina_Baraeva"]
[Result "1-0"]
[WhiteElo "2258"]
[BlackElo "2379"]
[TimeControl "180+1"]
[EndTime "8:53:25 PDT"]
[Termination "Shodikulov_Jamshid1990 won by resignation"]

1. e4 e6 2. d4 d5 3. Nd2 c5 4.
Ngf3 cxd4 5. exd5 Qxd5 6. Bc4 Qd6 7. O-O Nf6 8. Nb3 Nc6 9. Nbxd4 Nxd4 10. Qxd4 Bd7 11.
Bf4 Qxd4 12. Nxd4 a6 13. Be2 Nd5 14. Bg3 O-O-O 15. c3 f6 16. Bf3 Nb6 17. Rfe1 e5 18.
Nb3 Be6 19. Rad1 Be7 20. h3 Nc4 21. Rb1 Rd7 22. Be2 Nb6 23. f4 e4 24. Bf2 Nd5 25.
Nd4 Nxf4 26. Nxe6 Nxe6 27. Bg4 Rd6 28. Rxe4 Kd7 29. Rxe6 Rxe6 30. Re1 Bd6 31. Bxe6+ Kc6 32.
Bg4 Be5 33. Bf3+ Kc7 34. Rd1 Re8 35. Kf1 g5 36. Bd4 Bxd4 37. Rxd4 Re7 38. Re4 Rd7 39. Rd4 Re7 40. Kf2 Kb6 41. Rb4+ Kc5 1-0

[Event "Early-Titled-Tuesday-Blitz-March-26-2024"]
[Site "Chess.com"]
[Date "2024.03.26"]
[Round "5"]
[White "NelsonLinda"]
[Black "Anton_Demchenko"]
[Result "1/2-1/2"]
[WhiteElo "2655"]
[BlackElo "2996"]
[TimeControl "180+1"]
[EndTime "8:53:27 PDT"]
[Termination "Game drawn by repetition"]

1. Nf3 Nf6 2. b3 g6 3. Bb2 Bg7 4. e3 O-O 5. Be2 d6 6. O-O e5 7. d4 e4 8. Nfd2 d5 9. c4 c6 10.
Nc3 Be6 11. Rc1 Re8 12. Na4 Nbd7 13. Nc5 Nxc5 14. dxc5 Qe7 15. b4 Red8 16. Qc2 a5 17. a3 Qc7 18. Ra1 h5 19. h3 Qd7 20. Rfd1 axb4 21.
axb4 Rxa1 22. Rxa1 Bf5 23. Bd4 Ne8 24. Bxg7 Nxg7 25. cxd5 cxd5 26. Nb3 Qe7 27. Nd4 Qg5 28. Kh2 Ne6 29. Qc3 Qh4 30. Nxe6 Bxe6 31. Kg1 Qg5 32. Kh2 Qh4 33. Kg1 Qg5 34. Kh2 Qh4 1/2-1/2

[Event "Early-Titled-Tuesday-Blitz-March-26-2024"]
[Site "Chess.com"]
[Date "2024.03.26"]
[Round "5"]
[White "Bykov_Egor"]
[Black "BlueWizzard"]
[Result "0-1"]
[WhiteElo "2651"]
[BlackElo "2859"]
[TimeControl "180+1"]
[EndTime "8:53:28 PDT"]
[Termination "BlueWizzard won on time"]

1. e4 g6 2. d4 d5 3. exd5 Qxd5 4. c4 Qd8 5. Nc3 Bg7 6. Be3 Nh6 7. Nf3 Nf5 8. Be2 O-O 9. O-O c5 10. dxc5 Nxe3 11. fxe3 Bxc3 12. bxc3 Na6 13. Qd4 Qc7 14. Ng5 f6 15. Bf3 Nxc5 16. Bd5+ Kg7 17. Qh4 fxg5 18.
Qxg5 Bf5 19. Rf4 h6 20. Qg3 Nd3 21. Rd4 Qxg3 22. hxg3 e5 23. Rh4 g5 24. Rh1 Nc5 25. Rd1 Rad8 26. Rd2 Ne4 27. Rb2 b6 28. g4 Bg6 29.
Rh3 Nxc3 30. Bc6 Rd1+ 31. Kh2 Be4 32. Bxe4 Nxe4 0-1

[Event "Early-Titled-Tuesday-Blitz-March-26-2024"]
[Site "Chess.com"]
[Date "2024.03.26"]
[Round "5"]
[White "jaskol95"]
[Black "Kapitan_Bayan"]
[Result "1-0"]
[WhiteElo "2476"]
[BlackElo "2289"]
[TimeControl "180+1"]
[EndTime "8:53:30 PDT"]
[Termination "jaskol95 won by checkmate"]

1. e4 c5 2. Nf3 d6 3. Bb5+ Nd7 4.
a4 Nf6 5. Nc3 a6 6. Bc4 e6 7. d3 Be7 8. O-O O-O 9. a5 Nb8 10.
Bd2 Nc6 11. Ne2 d5 12. exd5 exd5 13. Bb3 Bg4 14. Kh1 Qd7 15. c3 Bxf3 16. gxf3 Qf5 17. Ng3 Qxd3 18. Bc2 Qc4 19. Rg1 g6 20. Nf5 Rfe8 21.
Nxe7+ Rxe7 22. Bg5 Re6 23. Bd3 Qxd3 24. Qxd3 Ne5 25.
Qe3 Neg4 26. Qxc5 Ne5 27. Rae1 Rae8 28. Rxe5 Nd7 29. Rxe6 Nxc5 30. Rxe8+ Kg7 31. Be3 Nd3 32. Bd4+ f6 33. Rge1 Kh6 34. Bxf6 Nxe1 35. Rxe1 d4 36. Re4 b5 37. Rh4# 1-0

[Event "Early-Titled-Tuesday-Blitz-March-26-2024"]
[Site "Chess.com"]
[Date "2024.03.26"]
[Round "5"]
[White "stratacticos"]
[Black "Massakru"]
[Result "0-1"]
[WhiteElo "1863"]
[BlackElo "2351"]
[TimeControl "180+1"]
[EndTime "8:53:30 PDT"]
[Termination "Massakru won on time"]

1. b4 e6 2. Bb2 Nf6 3. a3 b6 4. g3 Bb7 5. Nf3 Be7 6. Bg2 O-O 7. O-O a5 8. b5 d6 9. c4 Ne4 10. Qc2 Bf6 11. d4 Nd7 12. Nbd2 Nxd2 13. Qxd2 Re8 14. Rad1 Nf8 15. Qc2 d5 16. c5 Ng6 17. c6 Bc8 18.
Ne5 a4 19. f4 Ra5 20. Qd3 Ne7 21. Bc3 Ra8 22. Bb4 Nf5 23. e4 dxe4 24. Qxe4 Be7 25.
Bxe7 Qxe7 26. Rd3 Nd6 27. Qf3 Nxb5 28. f5 f6 29. fxe6 Bxe6 30. Ng4 Rad8 31. d5 Qc5+ 32. Kh1 Bxg4 33. Qxg4 Nxa3 34. h4 Nb5 35. Rxf6 Rf8 36. Rxf8+ Rxf8 37. Qe6+ Kh8 0-1

[Event "Early-Titled-Tuesday-Blitz-March-26-2024"]
[Site "Chess.com"]
[Date "2024.03.26"]
[Round "5"]
[White "rhwr"]
[Black "AwareIdea"]
[Result "0-1"]
[WhiteElo "2314"]
[BlackElo "2507"]
[TimeControl "180+1"]
[EndTime "8:53:31 PDT"]
[Termination "AwareIdea won on time"]

1. e4 Nc6 2. d4 d5 3. e5 Bf5 4.
Nf3 e6 5. c3 Nge7 6. Be2 h5 7.
O-O Ng6 8. Bd3 Nce7 9. Bg5 Qd7 10. Na3 Bxd3 11. Qxd3 Nf5 12. Rfd1 Bxa3 13. bxa3 b5 14. Rab1 a6 15. a4 c6 16. Qc2 O-O 17. Bc1 f6 18. exf6 gxf6 19. Ba3 Rfe8 20. h3 Kh7 21. Bc1 Nd6 22.
Nh4 Qg7 23. Nxg6 Qxg6 24. Qxg6+ Kxg6 25. Bf4 Nc4 26. Rb4 e5 27. dxe5 fxe5 28. Be3 Kf5 29. Bc5 Rg8 30. Kf1 Rg7 31. g3 Rf7 32. Kg2 Kg6 33.
h4 e4 34. Bd4 Rf3 35. axb5 axb5 36. a4 Rxa4 37. Rxa4 bxa4 38. Ra1 a3 39. Ra2 Rf7 40. Kf1 Rb7 41. Ke2 Rb2+ 0-1

[Event "Early-Titled-Tuesday-Blitz-March-26-2024"]
[Site "Chess.com"]
[Date "2024.03.26"]
[Round "5"]
[White "crescentmoon2411"]
[Black "nekotyanof"]
[Result "1/2-1/2"]
[WhiteElo "2885"]
[BlackElo "2701"]
[TimeControl "180+1"]
[EndTime "8:53:35 PDT"]
[Termination "Game drawn by repetition"]

1. d4 Nf6 2. c4 e6 3. Nc3 d5 4. cxd5 exd5 5. Bf4 Be7 6. e3 c6 7. Bd3 O-O 8. Qc2 h6 9. Nf3 Ne8 10. Ne5 Nd7 11. g4 Nxe5 12. dxe5 Bxg4 13. Rg1 Qd7 14. Bxh6 d4 15. exd4 Qxd4 16. Be3 Qd7 17. h3 Bh5 18. Bf5 Qc7 19. Qe4 g6 20. Bg4 Ng7 21. O-O-O Bxg4 22.
hxg4 Rfe8 23. f4 b5 24. Rh1 b4 25. Ne2 Rad8 26. Nd4 c5 27. Nc6 Rxd1+ 28. Rxd1 Bf8 29. f5 gxf5 30. gxf5 Nxf5 31. Qxf5 Qxc6 32. Rg1+ Bg7 33. Bf4 Re6 34. Rd1 Re8 35. Rg1 Re6 36. Rd1 Re8 37. Rg1 1/2-1/2

[Event "Early-Titled-Tuesday-Blitz-March-26-2024"]
[Site "Chess.com"]
[Date "2024.03.26"]
[Round "5"]
[White "Onischuk_V"]
[Black "chucksterf10"]
[Result "1-0"]
[WhiteElo "2806"]
[BlackElo "2593"]
[TimeControl "180+1"]
[EndTime "8:53:36 PDT"]
[Termination "Onischuk_V won by resignation"]

1. e4 e5 2. Nf3 Nc6 3. Bb5 a6 4. Ba4 f5 5. Nc3 fxe4 6. Nxe4 d5 7. Ng3 b5 8. Bb3 e4 9. Qe2 Nf6 10. d3 Qe7 11. dxe4 dxe4 12. Ng5 Bg4 13. Qe3 O-O-O 14. O-O Re8 15. a4 b4 16. a5 h6 17. h3 hxg5 18. hxg4 Nxg4 19. Qe2 Nge5 20. Qxa6+ Kb8 21. Qb5+ Ka8 22.
Bd5 Qc5 23. Qxc5 Bxc5 24. Nxe4 Bd6 25. Nxd6 cxd6 26. Bxg5 Rc8 27. Rfd1 Ka7 28. a6 Ng4 29. f3 Nge5 30. Be3+ Kb8 31. a7+ Ka8 32. Ra6 Rhd8 33. f4 Kb7 34. Rb6+ Kxa7 35. Rxc6+ Kb8 36. Rb6+ 1-0

[Event "Early-Titled-Tuesday-Blitz-March-26-2024"]
[Site "Chess.com"]
[Date "2024.03.26"]
[Round "5"]
[White "BozeKat"]
[Black "JoliyRoger"]
[Result "0-1"]
[WhiteElo "2079"]
[BlackElo "2416"]
[TimeControl "180+1"]
[EndTime "8:53:36 PDT"]
[Termination "JoliyRoger won on time"]

1. d4 d5 2. c4 e6 3. Nc3 c5 4. Nf3 cxd4 5. Nxd4 e5 6. Nf3 d4 7. Nd5 Nc6 8. e4 Nf6 9. Bd3 h6 10. O-O Bd6 11. a3 a5 12. Bd2 O-O 13. b4 axb4 14.
axb4 Rxa1 15. Qxa1 Nxd5 16. exd5 Nxb4 17. Bxb4 Bxb4 18.
Nxe5 Bc3 19. Qa7 Qf6 20. f4 g5 21. Qc5 gxf4 22. d6 Be6 23. d7 Rd8 24. Qc7 Bd2 25.
Rb1 Kg7 26. Rxb7 Be3+ 27. Kf1 Qh4 28. g3 Qxh2 0-1